 Dungeon Crawl Stone Soup version 0.21-a0-361-g4efd3f9 (webtiles) character file.

42 4thArraOfDagon the Cutter (level 3, -4/24 HPs)
             Began as a Mummy Enchanter on Oct 13, 2017.
             Slain by an orc
             ... wielding a +0 hand axe
              (6 damage)
             ... on level 3 of the Dungeon.
             The game lasted 00:03:25 (793 turns).

4thArraOfDagon the Cutter (Mummy Enchanter)          Turns: 793, Time: 00:03:26

Health: -4/24      AC:  2    Str: 11    XL:     3   Next: 35%
Magic:  21/25      EV: 12    Int: 15    God:
Gold:   68         SH:  0    Dex: 12    Spells: 1/7 levels left

rFire    x . .     SeeInvis .   i - +1 dagger (drain)
rCold    + . .     Gourm    .   (no shield)
rNeg     + + +     Faith    .   b - +0 robe
rPois    ∞         Spirit   .   (no helmet)
rElec    .         Reflect  .   (no cloak)
rCorr    .         Harm     .   (no gloves)
MR       .....                  (no boots)
Stlth    ++........             (no amulet)
HPRegen  0.08/turn              g - ring of magical power
MPRegen  0.19/turn              h - ring of magical power

@: very slightly contaminated
A: no food or potions, fire vulnerability, cold resistance 1, negative energy
resistance 3, torment resistance, unbreathing
a: no special abilities


You were on level 3 of the Dungeon.
You were not hungry.

You visited 1 branch of the dungeon, and saw 3 of its levels.

You collected 68 gold pieces.

Inventory:

Hand Weapons
 a - a +1 dagger
 i - a +1 dagger of draining (weapon)
Armour
 b - a +0 robe (worn)
Jewellery
 g - a ring of magical power (left hand)
 h - a ring of magical power (right hand)
Scrolls
 d - a scroll of enchant weapon {unknown}
 e - 4 scrolls of remove curse {unknown}
 f - a scroll of identify {unknown}
 j - a scroll of immolation {unknown}
Books
 c - a book of Maledictions

   Spells                             Type                      Level
   a - Corona                         Hexes                        1
   b - Ensorcelled Hibernation        Hexes/Ice                    2
   c - Confuse                        Hexes                        3
   d - Tukima's Dance                 Hexes                        3
   e - Dazzling Spray                 Conjuration/Hexes            3


   Skills:
 * Level 2.7 Short Blades
 - Level 1.5 Dodging
 - Level 2.4 Stealth
 - Level 2.6 Spellcasting
 - Level 2.6 Hexes


You had one spell level left.
You knew the following spells:

 Your Spells              Type           Power        Failure   Level  Hunger
a - Corona                Hex            ##.....      7%          1    N/A
b - Ensorcelled Hibernat  Hex/Ice        #.....       19%         2    N/A
c - Confuse               Hex            ##......     21%         3    N/A

Dungeon Overview and Level Annotations

Branches:
Dungeon (3/15)

Altars:

Annotations:
D:2 Natasha
D:3 DEFE's ghost, weakling DESk


Innate Abilities, Weirdness & Mutations

You do not eat or drink.
Your flesh is vulnerable to fire.
You are immune to poison.
Your flesh is cold resistant. (rC+)
You are immune to negative energy. (rN+++)
You are immune to unholy pain and torment.
You can survive without breathing.


Message History

Confirm with . or Enter, or press ? or * to list all spells.
Aiming: Ensorcelled Hibernation
Press: ? - help, Shift-Dir - straight line, f/p - orc
Aim: an orc, wielding a hand axe and wearing a chain mail (chance to defeat MR: 55%)
The orc resists with significant effort.
The orc hits you with a hand axe.
* * * LOW HITPOINT WARNING * * *
Unknown command.
The orc closely misses you.
Found a scroll labeled TUHEUKH SURI.
Unknown command.
Unknown command.
You see here a scroll labeled TUHEUKH SURI.
Unknown command.
Unknown command.
Found 4 gold pieces.
There is a stone staircase leading up here.
Unknown command.
The orc hits you with a hand axe.
You die...

#......# #......### ..
##...W.... ... ##
o.......# ..# .##.
#......## # ..##.... #..#
.##. #..... #W## ..##$
....##.. #.#
#.###.###....... ####.#
##.##...@o..#
....W####.....####o####..
##.......†#....oo.........
#.##..####..#.###.#####.#
#.<...####..#.# #.#
#####)..##...o# #.#
###.###..## #.# #.....##
#.# ##.#### #.#


You could see 2 orcs.

Vanquished Creatures
  2 adders (D:2)
  2 dart slugs
  3 goblins
  2 hobgoblins
  2 jackals (D:1)
  5 bats (D:1)
  3 kobolds
  2 rats (D:1)
21 creatures vanquished.

Notes
Turn   | Place    | Note
-------+----------+-------------------------------------------
     0 | D:1      | 4thArraOfDagon the Mummy Enchanter began the quest for the Orb.
     0 | D:1      | Reached XP level 1. HP: 13/13 MP: 4/4
    55 | D:1      | Reached skill level 1 in Short Blades
   403 | D:1      | Reached XP level 2. HP: 17/19 MP: 2/5
   407 | D:1      | Learned a level 2 spell: Ensorcelled Hibernation
   606 | D:2      | Noticed Natasha
   678 | D:2      | Reached XP level 3. HP: 17/24 MP: 7/7
   684 | D:2      | Learned a level 3 spell: Confuse
   744 | D:3      | Noticed DEFE's ghost (weakling DESk)
   782 | D:3      | HP: 1/24 [orc/hand axe (5)]
   793 | D:3      | Slain by an orc

Vault maps used:
D:1:      dpeg_arrival_houses_and_road
D:2:      uniq_natasha
D:3:      first_bread, nrook_mini_vaults, minmay_misc_feat_diagonals,
          minmay_ruptured, uniq_ijyb

Skill      XL: |  1  2 |
---------------+-------+-----
Short Blades   | 1 2 |  2.7
Dodging        | |  1.5
Stealth        | |  2.4
Spellcasting   | |  2.6
Hexes          | |  2.6

Action                   || total
-------------------------++-------
Melee: Dagger            ||    67
 Cast: Corona            ||     8
       Ensorcelled Hiber ||     9
 Stab: Sleeping          ||     8
Armor: Robe              ||    23
Dodge: Dodged            ||    57

Table legend:
 A = Spawn XP
 B = Non-spawn XP
 C = Spawn XP percentage of total XP
 D = Spawn monster count
 E = Non-spawn monster count
 F = Spawn count percentage of total count
 G = Total turns spent on level
                    A         B        C        D         E        F      G
               +---------+---------+-------+---------+---------+-------+---------
         Total |       0 |      61 |   0.0 |       0 |      21 |   0.0 |   793
               +---------+---------+-------+---------+---------+-------+---------
           D:1 |       0 |      25 |   0.0 |       0 |      15 |   0.0 |   614
           D:2 |       0 |      32 |   0.0 |       0 |       5 |   0.0 |   120
           D:3 |       0 |       4 |   0.0 |       0 |       1 |   0.0 |    59
               +---------+---------+-------+---------+---------+-------+---------
